 Dungeon Crawl Stone Soup version 0.19.3-1-g3169bf9 (webtiles) character file.

77 ChocoTaco the Shooter (level 4, 0/36 HPs)
             Began as a Centaur Hunter on Jan 24, 2017.
             Slain by a rat (1 damage)
             ... on level 2 of the Dungeon.
             The game lasted 00:03:15 (3456 turns).

ChocoTaco the Shooter (Centaur Hunter)              Turns: 3456, Time: 00:03:16

Health: 0/36       AC: 11    Str: 15    XL:     4   Next: 14%
Magic:  4/4        EV:  9    Int: 10    God:
Gold:   71         SH:  0    Dex: 10    Spells: 0 memorised, 3 levels left

rFire  x . .     SeeInvis .     b - +2 mace (protect)
rCold  + . .     Gourm    .     c - +0 leather armour
rNeg   + . .     Faith    .     (no shield)
rPois  .         Spirit   .     (no helmet)
rElec  .         Reflect  .     (no cloak)
rCorr  .         Harm     .     (no gloves)
MR     .....                    (no barding)
Stlth  +.........               (no amulet)
                                k - ring of ice (curse)
                                e - ring of positive energy

@: protection aura, very quick
A: hooves 3, deformed body, speed 2, tough skin 3
a: no special abilities


You were on level 2 of the Dungeon.
You were not hungry.

You visited 1 branch of the dungeon, and saw 2 of its levels.

You collected 71 gold pieces.

Inventory:

Hand Weapons
 a - a +1 shortbow
 b - a +2 mace of protection (weapon)
 h - a +0 whip
Missiles
 d - 35 arrows
Armour
 c - a +0 leather armour (worn)
Jewellery
 e - a ring of positive energy (left hand)
 k - a cursed ring of ice (right hand)
Scrolls
 g - 2 scrolls of remove curse {unknown}
 i - a scroll of fear {unknown}
 j - a scroll of teleportation {unknown}
Potions
 l - a potion of degeneration {unknown}
 m - a potion of brilliance {unknown}
Comestibles
 f - 2 bread rations
 n - a chunk of flesh


   Skills:
 - Level 2.0 Fighting
 + Level 1.9 Maces & Flails
 + Level 6.8 Bows
 - Level 1.3 Dodging
 - Level 0.4 Stealth


You had 3 spell levels left.
You didn't know any spells.

Dungeon Overview and Level Annotations

Branches:
Dungeon (2/15)

Altars:


Innate Abilities, Weirdness & Mutations

You have hooves in place of feet.
Armour fits poorly on your strangely shaped body.
You cover ground very quickly.
You have extremely tough skin. (AC +3)


Message History

You barely miss the gnoll.
The gnoll is lightly wounded.
The gnoll closely misses you. The rat barely misses you.
You barely miss the gnoll.
The gnoll is lightly wounded.
The gnoll hits you. The rat barely misses you.
You hit the gnoll but do no damage.
Your weapon exudes an aura of protection.
You kick the gnoll, but do no damage.
The gnoll is lightly wounded.
The gnoll hits you. The rat barely misses you. The gnoll barely misses you.
You hit the gnoll. Your kick misses the gnoll.
The gnoll is heavily wounded.
The rat closely misses you. The gnoll hits you!
* * * LOW HITPOINT WARNING * * *
The rat closely misses you.
You hit the gnoll.
The gnoll is almost dead.
The gnoll hits you but does no damage. The rat bites you.
You die...

.....>.............# ##
..#..............# #..
#.##.....##.....##...#
####......####...####..##
.....##.....##.####.....
#...######.....#....# .
#...######..(.......#
.##...............##..#
.......#####.....@# ..#
#.....## #.....rg.....#
......######.............
..#......................
#.#...#####..............
......# ##..............
#.##.#####...##.#........
.......##....##..........
#.##......#.###.......


You could see a gnoll and a rat.

Vanquished Creatures
  An adder (D:2)
  2 gnolls
  A worm (D:2)
  A dart slug (D:1)
  A leopard gecko (D:1)
  A giant cockroach (D:1)
  3 goblins (D:1)
  6 hobgoblins
  10 jackals
  A quokka (D:2)
  2 bats (D:1)
  5 frilled lizards
  7 kobolds (D:1)
  A rat (D:1)
42 creatures vanquished.

Notes
Turn   | Place    | Note
-------+----------+-------------------------------------------
     0 | D:1      | ChocoTaco the Centaur Hunter began the quest for the Orb.
     0 | D:1      | Reached XP level 1. HP: 17/17 MP: 1/1
  1060 | D:1      | Reached XP level 2. HP: 19/24 MP: 2/2
  1220 | D:1      | Reached skill level 6 in Bows
  2242 | D:1      | Reached XP level 3. HP: 24/29 MP: 3/3
  2378 | D:1      | Reached skill level 1 in Maces & Flails
  2381 | D:1      | HP: 1/29 [giant cockroach (2)]
  3430 | D:2      | Reached XP level 4. HP: 35/36 MP: 4/4
  3455 | D:2      | HP: 1/36 [gnoll (11)]
  3456 | D:2      | Slain by a rat

Skill      XL: |  1  2  3 |
---------------+----------+-----
Bows           | 6 |  6.8
Maces & Flails | 1 |  1.9
Fighting       | |  2.0
Dodging        | |  1.3
Stealth        | |  0.4

Action                   |  1- 3 |  4- 6 || total
-------------------------+-------+-------++-------
Melee: Short sword       |    26 |       ||    26
       Whip              |    18 |       ||    18
       Kick              |    27 |     3 ||    30
       Mace              |   123 |    13 ||   136
 Fire: Shortbow          |     1 |       ||     1
  Eat: Chunk             |     6 |     1 ||     7
Armor: Leather armour    |   102 |     4 ||   106
Dodge: Dodged            |   104 |    12 ||   116
